 Dungeon Crawl Stone Soup version 0.30-a0-632-g346586fe48 (webtiles) character file.

Game seed: 16485605384134979555

79 KennySheep the Magician (level 3, -1/26 HPs)
             Began as a Demigod Hedge Wizard on Jan 13, 2023.
             Slain by a river rat (8 damage)
             ... on level 3 of the Dungeon.
             The game lasted 00:03:51 (1884 turns).

KennySheep the Magician (Demigod Hedge Wizard)      Turns: 1884, Time: 00:03:52

Health: -1/26      AC:  2    Str: 11    XL:     3   Next: 95%
Magic:  4/10       EV: 12    Int: 20    God:
Gold:   60         SH:  0    Dex: 13    Spells: 3/8 levels left

rFire   . . .      SeeInvis .    a - +0 dagger
rCold   . . .      Faith    .    (no shield)
rNeg    . . .      Spirit   .    b - +0 robe
rPois   .          Reflect  .    c - +0 hat
rElec   .          Harm     .    (no cloak)
rCorr   .          Rampage  .    (no gloves)
Will    .....                    (no boots)
Stlth   +                        (no amulet)
HPRegen 0.24/turn                (no ring)
MPRegen 0.12/turn                (no ring)

@: very slow
A: high MP 1, forlorn, divine attributes
a: no special abilities


You were on level 3 of the Dungeon.
You visited 1 branch of the dungeon, and saw 3 of its levels.

You collected 60 gold pieces.

Inventory:

Hand Weapons
 a - a +0 dagger (weapon)
Armour
 b - a +0 robe (worn)
 c - a +0 hat (worn)
Scrolls
 e - a scroll of summoning {unknown}
 f - a scroll of fog
 g - a scroll of enchant armour {unknown}
Potions
 d - a potion of magic
 h - a potion of haste {unknown}


   Skills:
 - Level 1.7 Dodging
 - Level 1.7 Stealth
 + Level 3.2 Spellcasting
 - Level 0.8 Conjurations
 * Level 2.2 Summonings
 * Level 2.2 Translocations


You had 3 spell levels left.
You knew the following spells:

 Your Spells              Type           Power      Damage    Failure   Level
a - Magic Dart            Conj           24%        1d4       10%         1
b - Blink                 Tloc           24%        N/A       9%          2
c - Call Imp              Summ           12%        N/A       9%          2

Your spell library contained the following spells:

 Spells                   Type           Power      Damage    Failure   Level
 Slow                     Hex            12%        N/A       14%         1
 Call Canine Familiar     Summ           12%        N/A       16%         3
 Cigotuvi's Dreadful Rot  Necr/Pois/Air  6%         N/A       22%         2
 Portal Projectile        Hex/Tloc       14%        N/A       26%         3
 Summon Guardian Golem    Hex/Summ       7%         N/A       26%         3
 Mephitic Cloud           Conj/Pois/Air  4%         N/A       36%         3
 Leda's Liquefaction      Hex/Erth       1%         N/A       80%         4
 Summon Forest            Summ/Tloc      6%         N/A       83%         5
 Summon Mana Viper        Hex/Summ       7%         N/A       94%         5
 Malign Gateway           Summ/Tloc      6%         N/A       100%        7
 Monstrous Menagerie      Summ           6%         N/A       100%        7


Dungeon Overview and Level Annotations

Branches:
Dungeon (2/15)


Innate Abilities, Weirdness & Mutations

You have an increased reservoir of magic. (+10% MP)
You shall have no god before yourself.
Your divine heritage dramatically boosts your attributes as you level up.


Message History

The worm bites your white imp!
Your white imp dies!
Your white imp disappears in a puff of smoke!
Casting: Call Imp (safe; 9% risk of failure)
Confirm with . or Enter, or press ? or * to list all spells.
A beastly little devil appears in a puff of frigid air.
You swap places.
The worm bites your white imp but does no damage.
Your white imp hits the worm.
Your white imp freezes the worm.
You hear the brisk rusting of a drain very nearby.
Your white imp barely misses the worm.
The worm barely misses your white imp.
Your white imp completely misses the worm.
The worm closely misses your white imp.
Your white imp hits the worm.
Your white imp freezes the worm.
Your white imp gestures at the worm.
The puff of frost hits the worm!
The worm dies!
You swap places.
You see here a worm corpse.
You enter the shallow water.
Moving in this stuff is going to be slow.
A river rat comes into view.
The river rat bites you.
Your white imp hits the river rat but does no damage.
Your white imp barely misses the river rat.
The river rat misses you.
The magic dart hits the river rat but does no damage.
Your white imp disappears in a puff of smoke!
The river rat closely misses you.
The magic dart hits the river rat but does no damage.
The river rat bites you!
Casting: Magic Dart (safe; 10% risk of failure)
Confirm with . or Enter, or press ? or * to list all spells.
A beastly little devil appears in a puff of flame.
The river rat bites you!
* * * LOW HITPOINT WARNING * * *
The river rat barely misses you.
Your crimson imp completely misses the river rat.
The river rat bites you!
You die...

### ##~######~
#~~~~~~~~~
#~@r####~~ ##5##
#~# #~# ##~##
#~~~# #~~~#
##~#####
###########.#...#


You could see a river rat (ally target) and a friendly crimson imp (summoned).

Vanquished Creatures
  Jessica (D:3)
  2 adders (D:3)
  A dart slug (D:1)
  3 ball pythons
  4 endoplasms (D:1)
  A giant cockroach (D:1)
  2 hobgoblins
  3 kobolds (D:1)
  A quokka (D:1)
  5 bats (D:1)
  2 frilled lizards
  A goblin (D:1)
  4 rats
30 creatures vanquished.

Vanquished Creatures (collateral kills)
  A worm (D:3)
  A quokka (D:3)
2 creatures vanquished.

Grand Total: 32 creatures vanquished

Notes
Turn   | Place    | Note
-------+----------+-------------------------------------------
     0 | D:1      | KennySheep the Demigod Hedge Wizard began the quest for the
                  | Orb.
     0 | D:1      | Reached XP level 1. HP: 14/14 MP: 6/6
    59 | D:1      | Reached skill level 1 in Summonings
    59 | D:1      | Reached skill level 1 in Translocations
   560 | D:1      | Reached XP level 2. HP: 20/20 MP: 4/8
   563 | D:1      | Learned a level 2 spell: Blink
   566 | D:1      | Learned a level 2 spell: Call Imp
   923 | D:1      | Reached skill level 3 in Spellcasting
  1404 | D:2      | You fall into a shaft and drop 1 floor!
  1415 | D:3      | Identified a scroll of acquirement
  1417 | D:3      | Acquired the Essays on the Legion
  1430 | D:3      | Noticed Jessica
  1450 | D:3      | Killed Jessica
  1451 | D:3      | Reached XP level 3. HP: 17/26 MP: 0/10
  1884 | D:3      | Slain by a river rat

Illustrated notes

Levels and vault maps discovered:
D:1:      saegor_arrival_simple_c, layout_loops_corners,
          chequers_ecumenical_altar_simple_redux
D:2:      layout_loops_cross
D:3:      kennysheep_goblin_castle, layout_loops_ring, gup_sewer_entry_bubbles,
          wad_floor_pattern_1, uniq_jessica

Skill      XL: |  1  2 |
---------------+-------+-----
Summonings     | 1 2 |  2.2
Translocations | 1 2 |  2.2
Spellcasting   | 3 |  3.2
Dodging        | |  1.7
Stealth        | |  1.7
Conjurations   | |  0.8

Action                   || total
-------------------------++-------
Melee: Dagger            ||    22
       Punch             ||     1
 Cast: Magic Dart        ||    86
       Call Imp          ||     5
  Use: Scroll            ||     3
Armor: Robe              ||     5
Dodge: Dodged            ||    26

Table legend: (Time is in decaauts)
 A = Elapsed time spent in this place.
 B = Non-inter-level travel time spent in this place.
 C = Inter-level travel time spent in this place.
 D = Time resting spent in this place.
 E = Time spent auto-exploring this place.
 F = Levels seen in this place.
 G = Mean time per level.
                   A        B        C        D        E       F      G
               +--------+--------+--------+--------+--------+-----+--------+
         Total |   1888 |   1870 |     18 |    130 |   1495 |   3 |  629.3 |
       Dungeon |   1888 |   1870 |     18 |    130 |   1495 |   3 |  629.3 |
               +--------+--------+--------+--------+--------+-----+--------+

Top non-repeatable levels by time:
     D:1: 1327 daAuts
     D:3: 484 daAuts
     D:2: 76 daAuts
